 Dungeon Crawl Stone Soup version 0.32-a0-18-g89e19f1974 (webtiles) character file.

Game seed: 10966018325476546964

3497 Hellonello the Mimic (level 10, -8/66 HPs)
             Began as an Octopode Shapeshifter on Jan 16, 2024.
             Was a Follower of Qazlal.
             Mangled by a gnoll
             ... wielding a +0 flail
             ... led by a gnoll bouda
              (10 damage)
             ... on level 6 of the Dungeon.
             The game lasted 00:13:07 (5751 turns).

Hellonello the Mimic (Octopode Shapeshifter)        Turns: 5751, Time: 00:13:08

Health: -8/66      AC:  1    Str: 19    XL:     10   Next: 7%
Magic:  10/10      EV: 23    Int: 14    God:    Qazlal [*.....]
Gold:   264        SH:  6    Dex: 21    Spells: 9/9 levels left

rFire   + .          .
                       - Unarmed
rCold   + . .        (shield currently unavailable)
rNeg    . . .        (helmet restricted)
rPois   .            r - amulet of reflection
rElec   .            t - ring of protection from fire
rCorr   .            u - +6 ring of dexterity
SInv    .            j - ring of Keepsa {rC+ Str+6}
Will    .....        (no ring)
Stlth   +            (no ring)
HPRegen 0.31/turn    (no ring)
MPRegen 0.12/turn    (no ring)
                     (no ring)

%: reflection
@: flux-form, glowing
A: glow, contaminating, almost no armour, amphibious, 8 rings, camouflage 1,
gelatinous body 1, (nimble swimmer 1), tentacles
a: Begin Untransformation, Renounce Religion


You were on level 6 of the Dungeon.
You worshipped Qazlal.
Qazlal was aware of your devotion.
You were something dangerously unstable.
You visited 2 branches of the dungeon, and saw 8 of its levels.

You collected 264 gold pieces.

Inventory:

Armour
 m - a +0 buckler
Jewellery
 f - a ring of wizardry
 j - the ring of Keepsa (on tentacle) {rC+ Str+6}
   (You took it off an orc on level 7 of the Dungeon)

   [ring of strength]

   Str+6:     It affects your strength (+6).
   rC+:       It protects you from cold.
 k - an amulet of regeneration
 r - an amulet of reflection (around mantle)
 t - a ring of protection from fire (left tentacle)
 u - a +6 ring of dexterity (right tentacle)
Talismans
 b - a beast talisman
 c - a flux talisman (active)
Wands
 e - a wand of polymorph (14)
Scrolls
 p - 2 scrolls of amnesia
 q - 2 scrolls of teleportation
Potions
 a - 3 potions of curing
 g - a potion of cancellation
 h - 2 potions of might
 i - 2 potions of brilliance
 l - a potion of attraction
 o - a potion of magic {unknown}
 s - a potion of enlightenment {unknown}
 z - a potion of resistance {unknown}


   Skills:
 - Level 5.0 Fighting
 + Level 8.4 Dodging
 - Level 3.0 Unarmed Combat
 - Level 10.0 Shapeshifting


You had 9 spell levels left.
You didn't know any spells.
Your spell library contained the following spells:

 Spells                   Type           Power      Damage    Failure   Level
 Lesser Beckoning         Tloc           0%         N/A       41%         2
 Dazzling Flash           Conj/Hex       0%         N/A       65%         3
 Gell's Gravitas          Tloc           0%         N/A       65%         3
 Teleport Other           Tloc           0%         N/A       65%         3
 Tukima's Dance           Hex            0%         N/A       65%         3
 Volatile Blastmotes      Fire/Tloc      0%         2d10      65%         3
 Dimensional Bullseye     Hex/Tloc       0%         N/A       96%         4
 Iskenderun's Mystic Bla  Conj/Tloc      0%         2d3       96%         4
 Passage of Golubria      Tloc           0%         N/A       96%         4
 Yara's Violent Unravell  Hex/Alch       0%         3d3       100%        5
 Starburst                Conj/Fire      0%         6d3       100%        6
 Maxwell's Capacitive Co  Air            0%         ∞         100%        8


Dungeon Overview and Level Annotations

Branches:
Dungeon (7/15)             Temple (1/1) D:6

Altars:
Cheibriados
Dithmenos
Elyvilon
Fedhas
Gozag
Hepliaklqana
Kikubaaqudgha
Makhleb
Okawaru
Qazlal
Sif Muna
Uskayaw
Zin
The Shining One

Shops:
D:3 (

Annotations:
D:5 1 runed translucent door, cforsyth's ghost, novice OnSh


Innate Abilities, Weirdness & Mutations

You are something dangerously unstable.
You glow with magical radiation, making you easy to see and hit.
Foes you strike become dangerously contaminated with magical radiation.
You are incapable of wielding weapons or throwing items.
You cannot wear most types of armour.
You are amphibious.
You can wear up to eight rings at the same time.
Your skin changes colour to match your surroundings (Stealth+).
Your rubbery body absorbs attacks. (AC +1, EV +1)
((You are camouflaged when in or above water. (Stealth+)))
You have tentacles for arms and can constrict up to eight enemies at once.


Message History

The gnoll hits you with a +0 flail.
There is a stone staircase leading up here.
The gnoll hits you with a +0 flail!
You climb upwards.
Reactivating autopickup.
There is a stone staircase leading down here.
You barely miss the gnoll. You grab the gnoll. You constrict the gnoll.
You block the gnoll's attack. The yak gores you!!
* * * LOW HITPOINT WARNING * * *
You tentacle-slap the gnoll but do no damage.
The gnoll begins to glow.
The gnoll is moderately wounded.
You constrict the gnoll. The gnoll misses you. The yak completely misses you.
You release your grip on the gnoll.
The gnoll is no longer moving quickly.
The gnoll completely misses you.
You feel much better. The gnoll hits you with a +0 flail.
The yak completely misses you.
You tentacle-slap the yak.
The yak begins to glow.
The yak is lightly wounded.
The gnoll closely misses you. The yak completely misses you.
You tentacle-slap the yak.
The yak glows dangerously bright.
The yak is lightly wounded.
You block the gnoll's attack. The yak barely misses you.
You tentacle-slap the yak but do no damage.
The yak shudders as magic cascades through it!!
The yak twists and deforms.
Your squeeze misses the yak.
The yak is almost dead.
The gnoll barely misses you. The yak gores you!
You tentacle-slap the yak but do no damage.
The yak begins to glow.
The yak is almost dead.
The gnoll hits you with a +0 flail!
* * * LOW HITPOINT WARNING * * *
You tentacle-slap the yak but do no damage.
The yak glows dangerously bright.
The yak is almost dead.
The yak gores you!
* * * LOW HITPOINT WARNING * * *
The gnoll hits you with a +0 flail!
You die...

#)# ##.#.#.# #.#
#.# #######.##.#
#.# ..#
#..........# #.#
### #.#####.####
#.# #.#####.# #.#
#.......# #.#
#..###### #.# ##
#..# #.# .# #pg#
#.# .# #Y.# #.# .#
#..# #.# .# #..#
#.. .##
#########..#
############ ..####
#..........#
#...........
.....###.########.#
#.##########
≈≈...)...# #.# #.#
#.. ...#.###.##
##[## #.# #..


You could see a yak (heavy contam, misshapen) and a gnoll (contam).

Vanquished Creatures
  A two-headed ogre (D:6)
  Grinder (D:3)
  Sigmund (D:2)
  A steam dragon (D:6)
  2 ice beasts
  A black bear (D:7)
  An ogre (D:6)
  A wyvern zombie (D:5)
  3 scorpions
  3 bullfrogs
  A gnoll sergeant (D:5)
  3 necrophages (D:5)
  4 wights (D:6)
  2 howler monkeys
  4 bombardier beetles
  A centaur zombie (D:5)
  3 bullfrog zombies (D:5)
  3 jellies
  A gnoll bouda (D:6)
  4 hounds
  A bullfrog skeleton (D:5)
  A human zombie (D:5)
  4 orc priests
  An iguana (D:5)
  A sleepcap (D:4)
  Jessica (D:2)
  2 orc wizards
  A scorpion zombie (D:5)
  12 gnolls
  7 adders
  A shadow imp (D:5)
  A white imp (D:6)
  4 dart slugs
  2 ribbon worms (D:4)
  8 orcs
  10 ball pythons
  A bat skeleton (D:2)
  9 endoplasms
  8 goblins
  5 hobgoblins
  4 jackals (D:3)
  5 kobolds
  A quokka (D:4)
  A ball python skeleton (D:2)
  7 bats
  5 frilled lizards
  A quokka skeleton (D:2)
  7 rats
152 creatures vanquished.

Notes
Turn   | Place    | Note
-------+----------+-------------------------------------------
     0 | D:1      | Hellonello the Octopode Shapeshifter began the quest for
                  | the Orb.
     0 | D:1      | Reached XP level 1. HP: 13/13 MP: 1/1
   295 | D:1      | Reached XP level 2. HP: 18/18 MP: 2/2
   401 | D:1      | You fall into a shaft and drop 1 floor!
   414 | D:2      | Noticed Jessica
   418 | D:2      | Killed Jessica
   419 | D:2      | Reached skill level 4 in Shapeshifting
   419 | D:2      | Reached XP level 3. HP: 23/23 MP: 3/3
   431 | D:2      | Noticed Sigmund
   445 | D:2      | Killed Sigmund
   446 | D:2      | Reached skill level 5 in Shapeshifting
   446 | D:2      | Reached XP level 4. HP: 22/28 MP: 4/4
   446 | D:2      | Reached XP level 5. HP: 26/33 MP: 5/5
   551 | D:2      | Found a faded altar of an unknown god.
   723 | D:1      | Reached skill level 6 in Shapeshifting
  1059 | D:1      | Reached XP level 6. HP: 38/38 MP: 6/6
  1547 | D:3      | Found Deelat's Antique Weapon Emporium.
  1576 | D:3      | Noticed Grinder
  1742 | D:3      | Paralysed by Grinder for 4 turns
  1752 | D:3      | Killed Grinder
  1753 | D:3      | Reached skill level 7 in Shapeshifting
  1753 | D:3      | Reached XP level 7. HP: 43/43 MP: 7/7
  2037 | D:3      | Found a blossoming altar of Fedhas.
  2161 | D:3      | Identified the +1 robe of the Carpenter {rN+++ Regen+ Dex-2
                  | SInv}
  2596 | D:4      | Reached skill level 8 in Shapeshifting
  2882 | D:4      | Found a snail-covered altar of Cheibriados.
  3059 | D:5      | Entered Level 5 of the Dungeon
  3116 | D:5      | Found a runed translucent door.
  3116 | D:5      | Noticed cforsyth's ghost (novice OnSh)
  3156 | D:5      | Reached XP level 8. HP: 37/48 MP: 8/8
  3474 | D:5      | Reached skill level 9 in Shapeshifting
  3903 | D:5      | Reached skill level 10 in Shapeshifting
  3958 | D:5      | Found an ancient bone altar of Kikubaaqudgha.
  4201 | D:6      | Noticed a two-headed ogre
  4214 | D:6      | Killed a two-headed ogre
  4215 | D:6      | Reached XP level 9. HP: 32/59 MP: 9/9
  4461 | D:6      | Reached skill level 5 in Dodging
  4542 | D:6      | Found a staircase to the Ecumenical Temple.
  4551 | Temple   | Entered the Ecumenical Temple
  4559 | Temple   | Became a worshipper of Qazlal Stormbringer
  4599 | D:6      | Reached skill level 5 in Fighting
  5348 | D:6      | Found a shimmering blue altar of Sif Muna.
  5397 | D:6      | Reached XP level 10. HP: 66/66 MP: 10/10
  5656 | D:7      | Reached * piety under Qazlal
  5661 | D:7      | Identified the ring of Keepsa {rC+ Str+6}
  5751 | D:6      | HP: 2/66 [yak (9)]
  5751 | D:6      | Mangled by a gnoll

Illustrated notes

Levels and vault maps discovered:
D:1:      lemuel_arrival_hallway, layout_basic, minmay_misc_feat_columns
D:2:      layout_rooms, hellmonk_ecumenical_altar_run_dry, serial_undead,
          serial_undead_c, serial_undead_b, serial_undead_b, serial_undead_c,
          uniq_sigmund, uniq_jessica
D:3:      layout_rooms, fedhas_altar_1, serial_shops, nicolae_shop_stone,
          serial_bayou, serial_bayou_lagoon_a, serial_bayou_crossing,
          serial_bayou_lagoon_b, serial_bayou_pond_b, uniq_grinder
D:4:      layout_basic, chei_slow_surprise, serial_rivers,
          chequers_serial_rivers_room_a, chequers_serial_rivers_room_b,
          chequers_serial_rivers_large_a, chequers_serial_rivers_marsh,
          chequers_serial_rivers_micro_d
D:5:      layout_basic, lemuel_mausoleum_altar_kikubaaqudgha,
          hellmonk_ghost_happy_afterlife
D:6:      layout_loops_ring, mainiacjoe_overflow_cross_hatched, temple_fountains
D:7:      layout_rooms, nicolae_ashenzari_skybound, uniq_jeremiah
Temple:   dpeg_chambers_temple

Skill      XL: |  1  2  3  4  5  6  7  8  9 |
---------------+----------------------------+-----
Shapeshifting  | 4 5 6 7 8 10 | 10.0
Fighting       | 4 5 |  5.0
Dodging        | 4 8 |  8.4
Unarmed Combat | |  3.0

Action                     |  1- 3 |  4- 6 |  7- 9 | 10-12 || total
---------------------------+-------+-------+-------+-------++-------
  Melee: Unarmed           |    30 |    63 |   316 |    30 ||   439
         Tentacles         |     4 |    11 |    98 |    13 ||   126
         Constrict         |     2 |    11 |    75 |     8 ||    96
         Punch             |       |     2 |       |       ||     2
    Use: Potion            |     1 |     1 |     3 |     1 ||     6
         Scroll            |       |     4 |     9 |     1 ||    14
   Stab: Sleeping          |     4 |     5 |     3 |       ||    12
 Armour: Skin              |    18 |    40 |    82 |    17 ||   157
  Dodge: Dodged            |    18 |    39 |   202 |    32 ||   291
  Block: Other             |       |       |    25 |     9 ||    34
   Form: Flux              |       |       |     1 |       ||     1

Table legend: (Time is in decaauts)
 A = Elapsed time spent in this place.
 B = Non-inter-level travel time spent in this place.
 C = Inter-level travel time spent in this place.
 D = Time resting spent in this place.
 E = Time spent auto-exploring this place.
 F = Levels seen in this place.
 G = Mean time per level.
                   A        B        C        D        E       F      G
               +--------+--------+--------+--------+--------+-----+--------+
         Total |   5739 |   5617 |    122 |   1180 |   3221 |   8 |  717.4 |
       Dungeon |   5722 |   5600 |    122 |   1180 |   3221 |   7 |  817.4 |
        Temple |     16 |     16 |      0 |      0 |      0 |   1 |   16.0 |
               +--------+--------+--------+--------+--------+-----+--------+

Top non-repeatable levels by time:
     D:5: 1322 daAuts
     D:6: 1287 daAuts
     D:1: 1034 daAuts
     D:4: 798 daAuts
     D:2: 635 daAuts
     D:3: 581 daAuts
     D:7: 62 daAuts
  Temple: 16 daAuts
